 Dungeon Crawl Stone Soup version 0.28.0-43-g3370ac3207 (webtiles) character file.

Game seed: 501741681573001010

65 saw2855 the Shooter (level 3, 0/30 HPs)
             Began as a Minotaur Hunter on Mar 12, 2022.
             Hit by a goblin thrown by Robin (2 damage)
             ... on level 2 of the Dungeon.
             The game lasted 00:13:57 (2040 turns).

saw2855 the Shooter (Minotaur Hunter)               Turns: 2040, Time: 00:13:58

Health: 0/30       AC:  5    Str: 18    XL:     3   Next: 92%
Magic:  2/2        EV: 11    Int:  8    God:
Gold:   86         SH:  0    Dex: 10    Spells: 0/2 levels left

rFire   . . .      SeeInvis .   b - +0 short sword
rCold   . . .      Faith    .   (no shield)
rNeg    . . .      Spirit   .   j - +0 ring mail
rPois   .          Reflect  .   (helmet restricted)
rElec   .          Harm     .   e - scarf {repulsion}
rCorr   .          Rampage  .   (no gloves)
Will    .....                   (no boots)
Stlth   +.........              (no amulet)
HPRegen 0.10/turn               (no ring)
MPRegen 0.08/turn               (no ring)

@: repel missiles
A: horns 2, retaliatory headbutt
a: no special abilities


You were on level 2 of the Dungeon.
You visited 1 branch of the dungeon, and saw 2 of its levels.

You collected 86 gold pieces.

Inventory:

Hand Weapons
 a - a +1 shortbow
 b - a +0 short sword (weapon)
Missiles
 d - 48 arrows
Armour
 e - a scarf of repulsion (worn)
 j - a +0 ring mail (worn)
Scrolls
 f - a scroll of fog
 g - a scroll of blinking
 i - a scroll of identify
Potions
 h - a potion of ambrosia {unknown}


   Skills:
 + Level 2.9 Fighting
 * Level 1.7 Short Blades
 + Level 5.2 Bows
 + Level 1.4 Armour
 + Level 2.3 Dodging
 + Level 0.7 Stealth


You couldn't memorise any spells.
You knew the following spells:

 Your Spells              Type           Power      Damage    Failure   Level
a - Passwall              Tmut/Erth      0%         N/A       75%         2

Your spell library contained the following spells:

 Spells                   Type           Power      Damage    Failure   Level
 Ensorcelled Hibernation  Hex/Ice        0%         N/A       75%         2
 Inner Flame              Hex/Fire       0%         N/A       93%         3
 Swiftness                Air            0%         N/A       93%         3
 Cause Fear               Hex            0%         N/A       100%        4
 Discord                  Hex            0%         N/A       100%        8


Dungeon Overview and Level Annotations

Branches:
Dungeon (2/15)

Altars:

Annotations:
D:2 Robin


Innate Abilities, Weirdness & Mutations

You have a pair of horns on your head.
You reflexively headbutt those who attack you in melee.


Message History

The goblin shouts!
You hit the goblin.
You kill the goblin!
The goblin no longer looks unusually strong.
The goblin barely misses you. Robin throws the goblin at you!
You closely miss the goblin. The goblin misses you.
The goblin hits you with a +0 club. Robin throws the goblin at you!
The goblin hits you with a +0 club. x2
* * * LOW HITPOINT WARNING * * *
The goblin no longer looks unusually strong.
The goblin closely misses you.
Robin roars a battlecry!
The goblins go into a battle-frenzy!
The goblin closely misses you. You furiously retaliate!
You headbutt the goblin.
You kill the goblin!
Items here: ( )) †.
You completely miss the goblin.
The goblin hits you but does no damage. x2
The goblin completely misses you.
You hit the goblin.
The goblin is moderately wounded.
The goblin hits you with a +0 dagger.
* * * LOW HITPOINT WARNING * * *
The goblin hits you but does no damage. The goblin hits you with a +0 club.
* * * LOW HITPOINT WARNING * * *
You hit the goblin.
The goblin is severely wounded.
The goblin no longer looks unusually strong.
The goblin closely misses you. The goblin barely misses you.
The goblin closely misses you.
You closely miss the goblin.
The goblin is severely wounded.
The goblin no longer looks unusually strong.
The goblin hits you but does no damage. The goblin hits you with a +0 dagger.
* * * LOW HITPOINT WARNING * * *
The goblin closely misses you.
Robin roars a battlecry!
The goblins go into a battle-frenzy!
Robin throws the goblin at you!
You die...

#.......# ##...## ###.#####
##.....## # #.#.##
##.......## .#
####....####....[...)#..#...
......>....+.......).)......
####....####.......).#..#...
#...## ##...g...## ....
##.## ##..gg.## .... #.###
##.@g## #.# #...## ##g## #
#†#..# #.# #.##.## ##'##
#.#⌠.⌠## ##⌠.⌠#
#.##...###...##
#..##.......## ### ##..>..##
##⌠.⌠##


You could see Robin and 4 goblins.

Vanquished Creatures
  2 adders (D:2)
  A dart slug (D:1)
  3 ball pythons
  An endoplasm (D:2)
  A giant cockroach (D:1)
  11 goblins
  5 hobgoblins
  2 jackals (D:1)
  4 kobolds
  9 bats
  A frilled lizard (D:1)
  A rat (D:2)
41 creatures vanquished.

Vanquished Creatures (others)
  A plant (D:1)
1 creature vanquished.

Grand Total: 42 creatures vanquished

Notes
Turn   | Place    | Note
-------+----------+-------------------------------------------
     0 | D:1      | saw2855 the Minotaur Hunter began the quest for the Orb.
     0 | D:1      | Reached XP level 1. HP: 18/18 MP: 0/0
    93 | D:1      | Found a faded altar of an unknown god.
   238 | D:1      | Reached XP level 2. HP: 21/25 MP: 1/1
   991 | D:1      | Reached skill level 5 in Bows
  1343 | D:2      | Reached skill level 1 in Short Blades
  1343 | D:2      | Reached XP level 3. HP: 30/30 MP: 2/2
  1615 | D:2      | Reached skill level 1 in Armour
  1719 | D:2      | Learned a level 2 spell: Passwall
  2019 | D:2      | Identified the -5 helmet "Tuprey" {Slay+5}
  2019 | D:2      | Noticed Robin
  2040 | D:2      | Hit by a goblin thrown by Robin

Illustrated notes

Levels and vault maps discovered:
D:1:      psy_arrival_fountain, layout_loops_corners, serial_forest,
          infiniplex_forest_straight_2, infiniplex_forest_split,
          infiniplex_forest_straight_3, infiniplex_forest_clump_large,
          infiniplex_forest_pool, dreamdust_ecumenical_altar_statues,
          kennysheep_flooded_box
D:2:      layout_loops_corners, grunt_ministairs_8, patterned_corridor,
          uniq_terence, uniq_robin

Skill      XL: |  1  2  3 |
---------------+----------+-----
Bows           | 5 |  5.2
Short Blades   | 1 |  1.7
Armour         | 1 |  1.4
Fighting       | |  2.9
Dodging        | |  2.3
Stealth        | |  0.7

Action                   || total
-------------------------++-------
Melee: Short sword       ||    77
       Headbutt          ||    13
       Punch             ||     1
 Fire: Shortbow          ||    27
  Use: Scroll            ||     3
Armor: Leather armour    ||    24
       Ring mail         ||    12
Dodge: Dodged            ||    73
